Jack, lawful male human Samurai ----------- |.........+ ------- |........!| |.....| |....>....| #|)....| |..........#####|.....| ---.------- #-.....| # #|...... ### |..<..| # ------- #### ---------.-- |%.......... |..........| |..........| |........).}}[#) ------------ Jack the Ronin Experience level: 5 Strength: 12 Dexterity: 17 Constitution: 18 Intelligence: 11 Wisdom: 10 Charisma: 8 Health: 53(53) Energy: 26(26) Def: 0 Gold: 168 Moves: 1796 Dungeon seed: pvl_4EnHp8b8Enof Game ID: Jack_1553124716 Your Inventory: Coins $ - 168 gold pieces Weapons c - an uncursed +1 yumi (weapon in hand) d - 38 uncursed +0 ya (in quiver) Comestibles O - an uncursed gunyoki Rings v - a cursed ring of aggravate monster (on left hand) Wands f - an uncursed wand of probing (0:3) Tools g - an uncursed blindfold (being worn) Spells and supernatural/magical abilities: Name Level Category Fail Memory W - pray for help -- divine ? -- Your skills at the end: Miscellaneous Skills martial arts [Basic] wands [Basic] Weapon Skills short sword [Basic] long sword [Basic] bow [Basic] Spellcasting Skills Final Attributes: You were fervently aligned. You saw invisible. You were very stealthy. You aggravated monsters. You were fast. You were lucky. You survived. Vanquished creatures: 3 human zombies a shrieker a paper golem a giant bat a large kobold a hobgoblin a yellow mold 2 red molds 3 garter snakes a gnome zombie 10 jackals 2 kobolds 6 newts a goblin 2 sewer rats 2 grid bugs 4 lichens 42 creatures vanquished. Voluntary challenges: You did not cause conflict. You were not invisible. You did not have reflection. You were not displaced. You used a wielded weapon 30 times, starting on turn 166. You did not use tools. You did not use sinks. You read items or engraved 2 times, starting on turn 1399. You never genocided any monsters. You never polymorphed an object. You never changed form. You used no wishes. You never split a pudding. You never wrote Elbereth's name. You never violated bushido. Dungeon overview: The Dungeons of Doom: levels 1 to 6 Level 1 some fountains a long staircase Level 2 some fountains a long staircase Level 3 a sink Level 4 a weapon shop Level 5 (altar) a delicatessen, an altar to Susanowo Level 6 <- You were here History has recorded: On T:1 you entered the Dungeons of Doom to retrieve the Amulet of Yendor! On T:358 you reached level 2 of The Dungeons of Doom. On T:562 you advanced to experience level 2. On T:596 you reached level 3 of The Dungeons of Doom. On T:694 you advanced to experience level 3. On T:977 you reached level 4 of The Dungeons of Doom. On T:1207 you advanced to experience level 4. On T:1277 you reached level 5 of The Dungeons of Doom. On T:1550 you reached level 6 of The Dungeons of Doom. On T:1715 you advanced to experience level 5. Score breakdown: Gold: 168 ( 16 points) Experience: 5 levels ( 400 points) Exploration: 6 levels ( 150 points) Discoveries: 4 items ( 200 points) Variety of kills: 17 monsters ( 850 points) Major goal: (nothing yet) ( 0 points) Survival: quit (score multiplied by 3) Total score: 4848 Latest messages: You never learned to swim! (Use the 'moveonly' command to move there anyway.) You displace €âÿÿÿ. There are a few objects here. You displace €âÿÿÿ. You see here a thoroughly rusty +0 chain mail. Something moves only reluctantly. You never learned to swim! (Use the 'moveonly' command to move there anyway.) You displace €âÿÿÿ. There are a few objects here. You are beginning to feel hungry. You displace €âÿÿÿ. €âÿÿÿ picks up an uncursed very rusty +2 wakizashi. €âÿÿÿ drops an uncursed very rusty +2 wakizashi. You see here a thoroughly rusty +0 chain mail. You are now wearing a gold ring. Oops! That feels deathly cold. You are now wearing a blindfold. You can't see any more. To quit the game, use the 'save' command (typically on 'S'). Final status: Sayonara Jack the Samurai, quit... You quit in The Dungeons of Doom on dungeon level 6 with 4848 points, and 168 pieces of gold, after 1796 moves. You were level 5 with a maximum of 53 hit points when you quit.